 Dungeon Crawl Stone Soup version 0.31-a0-1576-ga3383bade6 (webtiles) character file.

Game seed: 952444029427459985

978 brekkin the Trooper (level 7, -1/56 HPs)
             Began as a Demonspawn Berserker on Jan 5, 2024.
             Was a Priest of Trog.
             Incinerated by a bombardier beetle (5 damage)
             ... with a burning spray
             ... on level 5 of the Dungeon.
             The game lasted 00:15:11 (3094 turns).

brekkin the Trooper (Demonspawn Berserker)          Turns: 3094, Time: 00:15:12

Health: -1/56      AC: 15    Str: 26    XL:     7   Next: 95%
Magic:  7/7        EV:  8    Int:  7    God:    Trog [***...]
Gold:   218        SH:  4    Dex: 12    Spells: 6/6 levels left

rFire   . . .        q - +2 quarterstaff (chaos)
rCold   . . .        (shield currently unavailable)
rNeg    . . .        i - +0 plate armour
rPois   .            (no helmet)
rElec   .            (no cloak)
rCorr   .            (no gloves)
SInv    .            g - +2 pair of boots
Will    .....        j - amulet of magic regeneration Stlth
                     v - +6 ring of strength
HPRegen 0.29/turn    (no ring)
MPRegen 0.50/turn

%: no passive effects
@: on fire, on berserk cooldown, slowed, glowing, very slow
A: large bone plates 1, demonic guardian 1, powered by death 1, demonic touch 2
a: Renounce Religion, Berserk, Trog's Hand


You were on level 5 of the Dungeon.
You worshipped Trog.
Trog was most pleased with you.
You visited 1 branch of the dungeon, and saw 5 of its levels.
You also visited: Sewer.

You collected 218 gold pieces.

Inventory:

Hand Weapons
 a - a +0 spear
 q - a +2 quarterstaff of chaos (weapon)
 D - a +2 flail of draining
Missiles
 l - 18 poisoned darts
 t - 9 boomerangs
Armour
 b - a +0 animal skin
 g - a +2 pair of boots (worn)
 i - a +0 plate armour (worn)
 r - a +2 cloak
Jewellery
 j - an amulet of magic regeneration (around neck)
 v - a +6 ring of strength (left hand)
 E - an amulet of the acrobat
Wands
 y - a wand of iceblast (2)
 B - a wand of charming (5)
Scrolls
 f - 2 scrolls of teleportation {unknown}
 h - 2 scrolls of immolation {unknown}
 k - 2 scrolls of enchant armour {unknown}
 p - 3 scrolls of identify {unknown}
 s - a scroll of enchant weapon {unknown}
 w - 2 scrolls of revelation {unknown}
 x - a scroll of silence {unknown}
 z - a scroll of fear {unknown}
 C - a scroll of poison {unknown}
Potions
 c - a potion of invisibility {unknown}
 d - a potion of brilliance {unknown}
 e - a potion of berserk rage {unknown}
 m - 2 potions of heal wounds {unknown}
 n - a potion of degeneration {unknown}
 o - a potion of resistance {unknown}
 u - 2 potions of curing {unknown}
 A - a potion of might {unknown}


   Skills:
 * Level 5.1 Fighting
 + Level 3.6(4.4) Polearms
 + Level 3.7(4.5) Staves
 * Level 4.2 Armour
 * Level 3.9 Dodging
 + Level 0.3 Stealth
 + Level 1.3 Shields


You had 6 spell levels left.
You didn't know any spells.
Your spell library was empty.

Dungeon Overview and Level Annotations

Branches:
Dungeon (5/15)             Temple (0/1) D:5           Sewer (visited)

Altars:


Innate Abilities, Weirdness & Mutations

You are partially covered in large bone plates. (SH +4)
A weak demonic guardian rushes to your aid.
You regenerate a little health from kills.
Your touch may inflict irresistible damage on your foes.


Message History

Trog accepts your kill. The liquid fire burns you!
The orc hits you but does no damage. The water moccasin bites you!
You sock the water moccasin!
You kill the water moccasin!
Trog accepts your kill. The liquid fire burns you!
The orc completely misses you.
You barely miss the white imp. The liquid fire burns you!
You barely miss the white imp. The liquid fire burns you!
The orc closely misses you.
The white imp hits you but does no damage.
You bludgeon the white imp!!
You kill the white imp!
Trog accepts your kill. The liquid fire burns you!
The orc hits you but does no damage.
You barely miss the orc. The liquid fire burns you!
* * * LOW HITPOINT WARNING * * *
You are no longer berserk.
You are exhausted.
You feel yourself slow down. The orc barely misses you.
You barely miss the orc. The liquid fire burns you!
* * * LOW HITPOINT WARNING * * *
A demonic guardian appears!
The orc barely misses you.
You hit the orc.
The orc appears confused.
The orc is moderately wounded.
The liquid fire burns you!
* * * LOW HITPOINT WARNING * * *
The orc seems less confused.
The orc hits you but does no damage. The orc hits you with a +0 hand axe.
* * * LOW HITPOINT WARNING * * *
You hit the orc.
The orc is almost dead.
The liquid fire burns you!
You die...

.........#...####.##.....###
##...........##.......##.#
#......#....##(##.##.##.#
#......#.......# ...... .
#[.....#.......##...... .
...............#.......
...............#....$..
#.............5#.......
..........#..##@.......
#....#.#...).o......
#..?.#.##.####...... #..
...... .8.#.. #.###. ...## .
>.8# ..# .##


You could see an orc (ally target) and a friendly quasit (summoned).

Vanquished Creatures
  Eustachio (D:4)
  A water moccasin (D:5)
  Pargi (Sewer)
  A kobold brigand (Sewer)
  A brain worm (Sewer)
  2 scorpions
  A bombardier beetle (D:5)
  Crazy Yiuf (D:2)
  An orc priest (D:4)
  2 sleepcaps (D:5)
  An orc wizard (D:5)
  An iguana (D:5)
  A gnoll (D:1)
  2 adders (D:2)
  A river rat (D:3)
  A shadow imp (D:5)
  A white imp (D:5)
  4 dart slugs
  A ribbon worm (D:2)
  12 orcs
  9 bats
  9 endoplasms
  6 giant cockroaches
  20 goblins
  11 hobgoblins
  7 jackals
  8 kobolds
  4 quokkas
  9 ball pythons
  6 frilled lizards
  6 rats
132 creatures vanquished.

Vanquished Creatures (collateral kills)
  Robin (D:2)
1 creature vanquished.

Grand Total: 133 creatures vanquished

Notes
Turn   | Place    | Note
-------+----------+-------------------------------------------
     0 | D:1      | brekkin the Demonspawn Berserker began the quest for the
                  | Orb.
     0 | D:1      | Reached XP level 1. HP: 18/18 MP: 1/1
   114 | D:1      | Gained mutation: A weak demonic guardian rushes to your
                  | aid. [demonic ancestry]
   114 | D:1      | Reached XP level 2. HP: 24/24 MP: 2/2
   197 | D:1      | Gained mutation: Your touch may inflict minor irresistible
                  | damage on your foes. [demonic ancestry]
   197 | D:1      | Reached XP level 3. HP: 29/29 MP: 3/3
   528 | D:2      | Reached ** piety under Trog
   637 | D:2      | Gained mutation: You are partially covered in large bone
                  | plates. (SH +4) [demonic ancestry]
   637 | D:2      | Reached XP level 4. HP: 37/37 MP: 4/4
   734 | D:2      | Reached skill level 4 in Fighting
   737 | D:2      | Noticed Robin
   764 | D:2      | Killed Robin
   833 | D:2      | Found a runed translucent door.
   834 | D:2      | Noticed Crazy Yiuf
   843 | D:2      | Killed Crazy Yiuf
   844 | D:2      | Reached XP level 5. HP: 42/42 MP: 5/5
  1176 | D:3      | Found a faded altar of an unknown god.
  1370 | D:3      | Reached *** piety under Trog
  1570 | D:3      | Found a glowing drain.
  1583 | Sewer    | Entered a sewer
  1583 | Sewer    | Noticed Pargi
  1603 | Sewer    | Killed Pargi
  1604 | Sewer    | Reached skill level 1 in Staves
  1604 | Sewer    | Gained mutation: Your touch may inflict irresistible damage
                  | on your foes. [demonic ancestry]
  1604 | Sewer    | Reached XP level 6. HP: 49/49 MP: 6/6
  2388 | D:4      | Noticed Eustachio
  2408 | D:4      | Killed Eustachio
  2409 | D:4      | Reached skill level 1 in Shields
  2409 | D:4      | Gained mutation: You regenerate a little health from kills.
                  | [demonic ancestry]
  2409 | D:4      | Reached XP level 7. HP: 26/55 MP: 7/7
  2987 | D:5      | Entered Level 5 of the Dungeon
  3073 | D:5      | Found a staircase to the Ecumenical Temple.
  3083 | D:5      | Reached skill level 5 in Fighting
  3094 | D:5      | Incinerated by a bombardier beetle

Illustrated notes

Levels and vault maps discovered:
D:1:      saegor_arrival_simple_b, layout_rooms
D:2:      layout_rooms, uniq_crazy_yiuf_cottage, uniq_robin
D:3:      layout_basic, hellmonk_ecumenical_altar_zigzags, portal_sewer_entry_a
D:4:      layout_gridville, uniq_eustachio
D:5:      layout_rooms, lemuel_round_altar, minmay_temple_entry_statues_pillars,
          uniq_ijyb

Skill      XL: |  1  2  3  4  5  6  7 |
---------------+----------------------+-----
Dodging        | 2 3 |  3.9
Armour         | 2 3 4 |  4.2
Polearms       | 3 |  3.6
Fighting       | 4 5 |  5.1
Staves         | 1 2 3 |  3.7
Shields        | 1 |  1.3
Stealth        | |  0.3

Action                     |  1- 3 |  4- 6 |  7- 9 || total
---------------------------+-------+-------+-------++-------
  Melee: Spear             |   109 |    50 |       ||   159
         Punch             |     1 |       |       ||     1
         Touch             |    10 |     9 |       ||    19
         Quarterstaff      |       |   121 |    53 ||   174
 Invoke: Berserk           |     2 |     4 |     3 ||     9
         Trog's Hand       |       |     1 |       ||     1
 Armour: Animal skin       |    19 |       |       ||    19
         Plate armour      |    35 |   151 |    44 ||   230
  Dodge: Dodged            |    27 |    59 |    32 ||   118
  Block: Other             |       |    36 |    10 ||    46

Table legend: (Time is in decaauts)
 A = Elapsed time spent in this place.
 B = Non-inter-level travel time spent in this place.
 C = Inter-level travel time spent in this place.
 D = Time resting spent in this place.
 E = Time spent auto-exploring this place.
 F = Levels seen in this place.
 G = Mean time per level.
                   A        B        C        D        E       F      G
               +--------+--------+--------+--------+--------+-----+--------+
         Total |   3179 |   2985 |    194 |      4 |   2140 |   6 |  529.8 |
       Dungeon |   2973 |   2779 |    194 |      4 |   2007 |   5 |  594.6 |
         Sewer |    205 |    205 |      0 |      0 |    133 |   1 |  205.0 |
               +--------+--------+--------+--------+--------+-----+--------+

Top non-repeatable levels by time:
     D:4: 868 daAuts
     D:3: 822 daAuts
     D:2: 632 daAuts
     D:1: 533 daAuts
   Sewer: 205 daAuts
     D:5: 115 daAuts
